 Dungeon Crawl Stone Soup version 0.30-a0-297-g0ec75d9ef4 (webtiles) character file.

Game seed: 6220223436297002035

111759 chippings the Unseen (level 16, -6/108 HPs)
             Began as a Merfolk Gladiator on Oct 18, 2022.
             Was a High Priest of Hepliaklqana.
             Mangled by a merfolk impaler
             ... wielding a +2 trident of freezing
              (7 damage)
             ... on level 4 of the Shoals.
             The game lasted 01:35:35 (27540 turns).

chippings the Unseen (Merfolk Gladiator)           Turns: 27540, Time: 01:35:37

Health: -6/108     AC: 12    Str: 19    XL:     16   Next: 58%
Magic:  25/25      EV: 19    Int:  7    God:    Hepliaklqana [*****.]
Gold:   1745       SH:  0    Dex: 23    Spells: 15/15 levels left

rFire   + . .      SeeInvis .    o - +7 short sword of Ahereah {vorpal, rF+ Str+4}
rCold   . . .      Faith    .    A - +1 tower shield
rNeg    . . .      Spirit   .    N - +2 leather armour {Will+}
rPois   .          Reflect  +    c - +0 helmet
rElec   .          Harm     .    I - scarf {repulsion}
rCorr   .          Rampage  .    z - +2 pair of gloves
Will    ++++.      Clarity  +    l - +2 pair of boots {Stlth+}
Stlth   +++.......               a - amulet of reflection
HPRegen 0.38/turn                L - ring of willpower
MPRegen 0.19/turn                g - ring of willpower

@: confused, ambrosia-drunk, studying Staves, repel missiles
A: reduced essence, (nimble swimmer 2), mertail, clarity
a: Renounce Religion, Recall Ancestor, Ancestor Identity, Transference, Idealise


You were on level 4 of the Shoals.
You worshipped Hepliaklqana.
Hepliaklqana was extremely pleased with you.
You visited 4 branches of the dungeon, and saw 23 of its levels.

You collected 1769 gold pieces.
You spent 24 gold pieces at shops.

Inventory:

Hand Weapons
 o - the +7 short sword of Ahereah (weapon) {vorpal, rF+ Str+4}
   (You found it on level 1 of the Shoals)

   It inflicts extra damage upon your enemies.
   Str:       It affects your strength (+4).
   rF:        It protects you from fire.
Missiles
 e - 9 javelins
 j - 4 boomerangs of dispersal
 m - 28 boomerangs
 x - 62 poisoned darts
 B - 4 throwing nets
 E - 5 curare-tipped darts (quivered)
 O - 10 silver javelins
 Q - 5 atropa-tipped darts
Armour
 c - a +0 helmet (worn)
 l - a +2 pair of boots of stealth (worn)
 z - a +2 pair of gloves (worn)
 A - a +1 tower shield (worn)
 I - a scarf of repulsion (worn)
 N - a +2 leather armour of willpower (worn)
Jewellery
 a - an amulet of reflection (around neck)
 g - a ring of willpower (right hand)
 i - a ring of protection from fire
 s - a ring of positive energy
 D - a ring of flight
 J - a ring of see invisible
 L - a ring of willpower (left hand)
 T - a ring of protection from cold
Wands
 y - a wand of light (7)
 F - a wand of digging (8)
Scrolls
 d - a scroll of summoning
 k - 8 scrolls of identify
 n - 6 scrolls of immolation
 p - 3 scrolls of blinking
 q - 6 scrolls of fog
 t - 3 scrolls of brand weapon
 H - 4 scrolls of vulnerability
 K - 3 scrolls of magic mapping
 P - 4 scrolls of teleportation
 R - 2 scrolls of fear
 X - a scroll of silence
 Y - 3 scrolls of poison
Potions
 b - 6 potions of attraction
 f - 2 potions of magic
 h - 7 potions of mutation
 u - 2 potions of resistance
 v - 10 potions of curing
 w - 3 potions of ambrosia
 C - 5 potions of brilliance
 G - 3 potions of lignification
 S - a potion of invisibility
 V - 6 potions of might
 W - 4 potions of flight
Miscellaneous
 M - a lightning rod (4/4)
 U - a condenser vane (inert)


   Skills:
 + Level 9.4 Fighting
 - Level 11.6(12.0) Short Blades
 - Level 4.3(8.6) Long Blades
 - Level 4.3 Polearms
 + Level 10.9 Throwing
 - Level 12.0 Dodging
 + Level 15.6 Stealth
 - Level 13.0 Shields
 - Level 12.0 Invocations
 - Level 8.0 Evocations


You had 15 spell levels left.
You didn't know any spells.
Your spell library contained the following spells:

 Spells                   Type           Power      Damage    Failure   Level
 Foxfire                  Conj/Fire      0%         2x1d4     94%         1
 Sandblast                Erth           0%         2d4       94%         1
 Slow                     Hex            0%         N/A       94%         1
 Blink                    Tloc           0%         N/A       98%         2
 Passwall                 Tmut/Erth      0%         N/A       98%         2
 Confusing Touch          Hex            0%         N/A       100%        3
 Inner Flame              Hex/Fire       0%         N/A       100%        3
 Portal Projectile        Hex/Tloc       0%         N/A       100%        3
 Stone Arrow              Conj/Erth      0%         3d7       100%        3
 Summon Guardian Golem    Hex/Summ       0%         N/A       100%        3
 Tukima's Dance           Hex            0%         N/A       100%        3
 Vampiric Draining        Necr           0%         2d6       100%        3
 Vhi's Electric Charge    Tloc/Air       0%         N/A       100%        3
 Cause Fear               Hex            0%         N/A       100%        4
 Flame Wave               Conj/Fire      0%         2d4       100%        4
 Leda's Liquefaction      Hex/Erth       0%         N/A       100%        4
 Manifold Assault         Tloc           0%         N/A       100%        4
 Olgreb's Toxic Radiance  Pois           0%         N/A       100%        4
 Passage of Golubria      Tloc           0%         N/A       100%        4
 Sticky Flame             Conj/Fire      0%         2d3       100%        4
 Arcjolt                  Conj/Air       0%         1d10      100%        5
 Blade Hands              Tmut           0%         N/A       100%        5
 Fireball                 Conj/Fire      0%         3d3       100%        5
 Lee's Rapid Deconstruct  Erth           0%         3d4*      100%        5
 Silence                  Hex/Air        0%         N/A       100%        5
 Starburst                Conj/Fire      0%         6d3       100%        6
 Statue Form              Tmut/Erth      0%         N/A       100%        6
 Orb of Destruction       Conj           0%         9d5       100%        7
 Ozocubu's Refrigeration  Ice            0%         4d7       100%        7
 Spellforged Servitor     Conj/Summ      0%         N/A       100%        7
 Storm Form               Tmut/Air       0%         N/A       100%        7
 Discord                  Hex            0%         N/A       100%        8
 Ignition                 Fire           0%         3d3       100%        8
 Lehudib's Crystal Spear  Conj/Erth      0%         10d2      100%        8
 Maxwell's Capacitive Co  Air            0%         ∞         100%        8


Dungeon Overview and Level Annotations

Branches:
Dungeon (13/15)            Temple (1/1) D:5            Lair (5/5) D:8
 Shoals (4/4) Lair:2       Spider (0/4) Lair:3        Slime (0/5) Lair:4
    Orc (0/2) D:12         Vaults (0/5) D:13

Altars:
Ashenzari
Dithmenos
Fedhas
Gozag
Hepliaklqana
Nemelex Xobeh
Qazlal
Ru
Sif Muna
Vehumet
Xom
Yredelemnul
The Shining One
Jiyva

Shops:
D:2 :   D:3 =   D:7 (

Annotations:
D:4 3 runed translucent doors, Buffagor's ghost, amateur DsBe
D:6 3 runed translucent doors, ChrisCrawling's ghost, novice DsHW
D:9 3 runed translucent doors, koil's ghost, novice SpEn


Innate Abilities, Weirdness & Mutations

Your life essence is reduced to manifest your ancestor. (-10% HP)
((You are very nimble when in or above water. (Stealth+, EV+, Speed+++)))
Your lower body shifts to a powerful aquatic tail in water.
You possess an exceptional clarity of mind.


Message History

The merfolk impaler is lightly wounded.
The air elemental hits Mohnhaupt.
The air elemental misses Mohnhaupt.
The air elemental hits Mohnhaupt but does no damage.
Mohnhaupt points at the merfolk impaler and mumbles some strange words.
The merfolk impaler resists with some effort.
The air elemental barely misses Mohnhaupt.
The air elemental hits Mohnhaupt.
The air elemental closely misses Mohnhaupt.
Found a stone staircase leading up.
Something hits Mohnhaupt!
Something hits Mohnhaupt!
Something hits Mohnhaupt.
The air elemental hits Mohnhaupt.
Mohnhaupt hits the merfolk impaler with a +0 dagger of draining!
The air elemental hits Mohnhaupt but does no damage.
The merfolk impaler is no longer moving slowly.
Mohnhaupt misses the air elemental.
The air elemental fires a burst of electricity at you.
The stunning burst is repelled.
Okay, then.
You are confused.
You feel invigorated.
The air elemental fires a burst of electricity at you.
The stunning burst misses you.
You bump into the stone wall.
The air elemental barely misses you.
You miss the air elemental. The air elemental closely misses you.
You barely miss the air elemental.
The air elemental completely misses you.
The air elemental barely misses you.
The merfolk impaler hits you from afar with a +2 trident of freezing!
* * * LOW HITPOINT WARNING * * *
The merfolk impaler freezes you.
* * * LOW HITPOINT WARNING * * *
You barely miss the air elemental.
The air elemental completely misses you.
The air elemental hits you but does no damage.
Mohnhaupt barely misses the merfolk impaler.
The merfolk impaler hits you from afar with a +2 trident of freezing!!
* * * LOW HITPOINT WARNING * * *
The merfolk impaler freezes you!
You die...

###..##########.P.#####..#
...†.........8#..##~~~##.#
.~~~~~~.^.....#..#~~~~~#.#
~~.~~.~~~~~#..#..#~~<~~#.##
~.#†~###.~~~#.#..#~~~~~#..#
~~..~.~~~~~~..#..##~~~##.P#
.~~~~~~##.....#...##'##...#
......†......8#.P.........#
################@EmR......#
#########..# #..# #..# #R.#
#..# #E.# #).# #..#


You could see the friendly Mohnhaupt the hexer, a merfolk impaler (poisoned) and
an air elemental (ally target).

Vanquished Creatures
  Jorgrun (Shoals:2)
  Mlioglotl (Shoals:3)
  Rupert (D:13)
  Polyphemus (Shoals:2)
  3 merfolk javelineers
  2 fire dragons (Lair:5)
  Snorg (Lair:4)
  6 merfolk impalers
  Fannar (D:11)
  2 hydras
  Erica (D:11)
  3 catoblepae
  4 two-headed ogres
  4 boulder beetles
  A satyr (Shoals:4)
  A merfolk avatar (Shoals:3)
  3 centaur warriors (D:13)
  2 merfolk aquamancers (Shoals:4)
  Urug (D:13)
  7 death yaks
  Nergalle (D:12)
  7 sea snakes
  A swamp dragon (Lair:5)
  2 lindwurms (Lair:5)
  15 harpies
  An ugly thing (D:13)
  8 manticores
  6 fauns
  An elephant (Lair:5)
  7 merfolk sirens
  A cyclops (D:12)
  8 black mambas
  6 torpor snails
  3 cane toads
  Joseph (D:8)
  4 water nymphs
  An unseen horror (D:13)
  2 kobold demonologists
  7 komodo dragons
  2 rime drakes
  A polar bear (Lair:4)
  7 wind drakes
  21 merfolk
  5 trolls
  7 hornets
  2 slime creatures
  9 blink frogs
  5 snapping turtles
  Sigmund (D:5)
  8 water elementals
  5 air elementals (Shoals:4)
  2 wraiths
  9 wyverns
  A shadow (D:11)
  19 yaks
  A vampire (D:11)
  12 humans (D:13)
  2 vampire mosquitoes (D:13)
  6 basilisks
  A warg (D:12)
  2 steam dragons
  2 acid dragons
  8 water moccasins
  5 orc warriors
  A swamp drake (Lair:5)
  4 ice beasts
  3 black bears
  A sky beast (D:8)
  9 wolves
  2 hexers
  4 centaurs
  A phantom (D:6)
  8 kobold brigands
  2 necrophages
  5 bullfrogs
  A gnoll sergeant (D:5)
  3 scorpions
  12 killer bees
  2 howler monkeys (D:7)
  4 electric eels
  A hound (shapeshifter) (D:13)
  2 orc priests (D:6)
  4 jellies
  2 hounds
  8 iguanas
  Ijyb (D:5)
  2 orc wizards
  3 gnolls (D:10)
  10 adders
  5 river rats
  2 shadow imps
  3 white imps
  3 worms
  3 dart slugs
  27 orcs
  3 bats
  6 endoplasms
  2 giant cockroaches
  2 goblins
  10 hobgoblins
  15 kobolds
  2 quokkas
  9 ball pythons
  2 frilled lizards
  6 rats
466 creatures vanquished.

Vanquished Creatures (collateral kills)
  Ilsuiw (Shoals:1)
  A merfolk javelineer (Shoals:2)
  A centaur warrior (D:13)
  A merfolk avatar (Shoals:3)
  A two-headed ogre (D:13)
  A death yak (Shoals:1)
  Sonja (D:11)
  A fire crab (Lair:5)
  3 harpies
  3 manticores
  2 cyclopes
  2 fauns
  2 elephants (Lair:5)
  A merfolk siren (Shoals:1)
  2 water nymphs
  A kobold demonologist (D:12)
  3 komodo dragons
  A rime drake (Lair:1)
  A troll (D:11)
  9 merfolk
  3 wind drakes
  3 tyrant leeches (Lair:5)
  A blink frog (Lair:1)
  3 hornets
  2 air elementals (Shoals:4)
  8 water elementals
  A wyvern (D:9)
  A vampire (D:9)
  4 humans (D:13)
  2 steam dragons (Lair:5)
  9 yaks
  2 basilisks
  2 vampire mosquitoes (D:13)
  A warg (D:12)
  An acid dragon (D:11)
  6 water moccasins
  A swamp drake (Lair:5)
  An ice beast (D:6)
  4 orc warriors
  3 black bears
  A sky beast (D:8)
  An ogre (D:7)
  5 wolves
  A centaur (D:13)
  3 kobold brigands
  4 bullfrogs
  A necrophage (D:6)
  A gnoll sergeant (D:11)
  2 scorpions (D:6)
  5 killer bees
  An electric eel (Lair:2)
  A howler monkey (D:7)
  A gnoll bouda (D:10)
  2 jellies
  2 orc priests
  2 iguanas
  3 orc wizards
  3 gnolls
  A river rat (D:7)
  2 adders (D:6)
  A white imp (D:6)
  8 orcs
  5 kobolds
152 creatures vanquished.

Vanquished Creatures (others)
  A killer bee (D:11)
  20 hexers
  3 ancestors
  2 orcs (D:8)
  A kobold (D:11)
  9 fungi
  144 plants
  A withered plant (Shoals:2)
181 creatures vanquished.

Grand Total: 799 creatures vanquished

Notes
Turn   | Place    | Note
-------+----------+-------------------------------------------
     0 | D:1      | chippings the Merfolk Gladiator began the quest for the
                  | Orb.
     0 | D:1      | Reached XP level 1. HP: 16/16 MP: 1/1
   269 | D:1      | Reached XP level 2. HP: 23/23 MP: 2/2
  1042 | D:2      | Found Ofuggi Topio's Book Emporium.
  1092 | D:2      | Reached skill level 1 in Short Blades
  1104 | D:2      | Reached XP level 3. HP: 28/28 MP: 3/3
  1112 | D:2      | Reached skill level 1 in Shields
  1358 | D:2      | Reached skill level 1 in Stealth
  1515 | D:2      | Reached XP level 4. HP: 24/35 MP: 4/4
  2572 | D:3      | Found Pityin's Jewellery Emporium.
  2802 | D:4      | Found a runed translucent gate.
  2802 | D:4      | Found a runed translucent gate.
  2818 | D:4      | Reached XP level 5. HP: 30/41 MP: 5/5
  2904 | D:4      | Noticed a black bear
  3069 | D:4      | Found a runed translucent gate.
  3071 | D:4      | Noticed Buffagor's ghost (amateur DsBe)
  3153 | D:4      | Reached skill level 2 in Stealth
  3336 | D:4      | Reached XP level 6. HP: 44/48 MP: 6/6
  3642 | D:4      | Reached skill level 5 in Dodging
  4106 | D:4      | Killed a black bear
  4107 | D:4      | Reached skill level 3 in Stealth
  4107 | D:4      | Reached XP level 7. HP: 41/54 MP: 7/7
  4446 | D:5      | Entered Level 5 of the Dungeon
  4446 | D:5      | Found a staircase to the Ecumenical Temple.
  4449 | D:5      | Noticed Ijyb
  4525 | D:5      | Killed Ijyb
  4586 | Temple   | Entered the Ecumenical Temple
  4680 | Temple   | Became a worshipper of Hepliaklqana the Forgotten
  4781 | D:5      | Noticed Sigmund
  5209 | D:5      | Gained mutation: You possess an exceptional clarity of
                  | mind. [potion of mutation]
  5215 | D:5      | Killed Sigmund
  5216 | D:5      | Reached skill level 4 in Stealth
  5412 | D:5      | You fall into a shaft and drop 2 floors!
  5437 | D:7      | Found Ucisch's Weapon Boutique.
  5443 | D:7      | Bought 4 poisoned darts for 24 gold pieces
  5701 | D:7      | Reached XP level 8. HP: 60/60 MP: 8/8
  6056 | D:5      | Reached * piety under Hepliaklqana
  6082 | D:5      | Reached skill level 5 in Short Blades
  6318 | D:6      | Noticed Maggie
  6376 | D:5      | Reached skill level 5 in Stealth
  6511 | D:5      | Maggie changed into Maggie the wyvern
  6511 | D:5      | Noticed Maggie
  6929 | D:5      | Killed Maggie the wyvern
  7036 | D:5      | Reached XP level 9. HP: 58/58 MP: 9/9
  7054 | D:6      | Reached skill level 5 in Shields
  7215 | D:6      | Reached skill level 6 in Stealth
  7437 | D:6      | Identified a scroll of acquirement
  7437 | D:6      | Acquired a +1 pair of boots of stealth
  7583 | D:6      | Found a glowing golden altar of the Shining One.
  7589 | D:6      | Found a stormy altar of Qazlal.
  7598 | D:6      | Reached skill level 1 in Invocations
  7818 | D:6      | Found a runed translucent gate.
  7818 | D:6      | Found a runed translucent gate.
  7818 | D:6      | Found a runed translucent gate.
  7821 | D:6      | Noticed ChrisCrawling's ghost (novice DsHW)
  8149 | D:7      | Reached skill level 1 in Long Blades
  8696 | D:7      | Reached skill level 7 in Stealth
  8837 | D:7      | Reached skill level 5 in Throwing
  8837 | D:7      | Reached XP level 10. HP: 28/63 MP: 12/12
  9135 | D:8      | Noticed Joseph
  9176 | D:8      | Killed Joseph
  9525 | D:8      | Found a staircase to the Lair.
  9787 | D:8      | Reached ** piety under Hepliaklqana
  9788 | D:8      | Remembered your ancestor Mohnhaupt as a hexer
 10411 | D:9      | Reached skill level 8 in Stealth
 10691 | D:9      | Reached skill level 10 in Dodging
 10691 | D:9      | Reached skill level 5 in Invocations
 10733 | D:9      | Reached XP level 11. HP: 69/69 MP: 14/14
 10840 | D:9      | Reached *** piety under Hepliaklqana
 11188 | D:9      | Found a runed translucent gate.
 11190 | D:9      | Found a runed translucent gate.
 11190 | D:9      | Found a runed translucent gate.
 11191 | D:9      | Noticed koil's ghost (novice SpEn)
 11193 | D:9      | Identified the +1 plate armour "Hufamam" {Harm}
 11302 | D:10     | Entered Level 10 of the Dungeon
 11962 | Lair:1   | Entered Level 1 of the Lair of Beasts
 12140 | Lair:1   | Reached skill level 9 in Stealth
 12353 | Lair:1   | Found a glowing golden altar of the Shining One.
 12718 | Lair:2   | Reached **** piety under Hepliaklqana
 12751 | Lair:2   | Noticed a four-headed hydra
 12769 | Lair:2   | Killed a four-headed hydra
 13195 | Lair:2   | Found a staircase to the Shoals.
 13200 | Lair:2   | Reached XP level 12. HP: 74/74 MP: 17/17
 13215 | Lair:2   | Reached skill level 10 in Stealth
 13750 | Lair:3   | Found a hole to the Spider Nest.
 13949 | Lair:3   | Noticed an eight-headed hydra
 13955 | Lair:3   | Killed an eight-headed hydra
 14217 | Lair:3   | Reached ***** piety under Hepliaklqana
 14482 | Lair:4   | Noticed Snorg
 14609 | Lair:4   | Reached skill level 10 in Short Blades
 14733 | Lair:4   | Reached skill level 5 in Fighting
 14837 | Lair:4   | Killed Snorg
 14838 | Lair:4   | Reached skill level 1 in Evocations
 14871 | Lair:4   | Found a viscous altar of Jiyva.
 14873 | Lair:4   | Found a staircase to the Slime Pits.
 15131 | Lair:4   | Noticed a boulder beetle
 15154 | Lair:4   | Killed a boulder beetle
 15155 | Lair:4   | Reached XP level 13. HP: 75/82 MP: 19/19
 15464 | Lair:5   | Entered Level 5 of the Lair of Beasts
 15509 | Lair:5   | Found a runed translucent door.
 15510 | Lair:5   | Noticed a fire dragon
 15524 | Lair:5   | Killed a fire dragon
 15612 | Lair:5   | Reached skill level 11 in Stealth
 16651 | Lair:5   | Noticed a fire dragon
 16680 | Lair:5   | Killed a fire dragon
 16686 | Lair:5   | Reached skill level 10 in Invocations
 16841 | Lair:5   | Reached XP level 14. HP: 90/92 MP: 21/21
 17427 | D:11     | Reached skill level 12 in Stealth
 17452 | D:11     | Noticed Fannar
 17477 | D:11     | Killed Fannar
 17589 | D:11     | Reached skill level 10 in Shields
 17726 | D:11     | Noticed Sonja
 17736 | D:11     | Killed Sonja
 17823 | D:11     | Noticed Erica
 17836 | D:11     | Killed Erica
 18838 | D:12     | Noticed Nergalle
 18852 | D:12     | Killed Nergalle
 19172 | D:12     | Found a staircase to the Orcish Mines.
 20170 | D:13     | Found a gate to the Vaults.
 20170 | D:13     | Noticed Urug
 20261 | D:13     | Noticed Rupert
 20368 | D:13     | Killed Rupert
 20371 | D:13     | Killed Urug
 20627 | D:13     | Reached skill level 13 in Stealth
 20799 | D:13     | Found an opulent altar of Gozag.
 20997 | D:13     | Reached XP level 15. HP: 75/99 MP: 23/23
 21312 | Shoals:1 | Entered Level 1 of the Shoals
 22074 | Shoals:1 | Reached skill level 10 in Throwing
 22074 | Shoals:1 | Reached skill level 5 in Evocations
 22314 | Shoals:1 | Identified the +7 short sword of Ahereah {vorpal, rF+
                  | Str+4}
 22787 | Shoals:1 | Identified the +9 great sword of Vepluk {vamp, Dex+4}
 22925 | Shoals:2 | Noticed Polyphemus
 23255 | Shoals:2 | Killed Polyphemus
 23265 | Shoals:2 | Noticed Ilsuiw
 23359 | Shoals:1 | Killed Ilsuiw
 23763 | Shoals:2 | Reached skill level 14 in Stealth
 24607 | Shoals:2 | Noticed Jorgrun
 24618 | Shoals:2 | Killed Jorgrun
 25402 | Shoals:3 | Reached XP level 16. HP: 94/105 MP: 25/25
 25416 | Shoals:3 | Reached skill level 15 in Stealth
 26000 | Shoals:3 | Noticed Mlioglotl
 26025 | Shoals:3 | Killed Mlioglotl
 26489 | Shoals:4 | Entered Level 4 of the Shoals
 26775 | Shoals:4 | Paralysed by an air elemental for 1 turns
 27294 | Shoals:4 | Paralysed by an air elemental for 1 turns
 27302 | Shoals:4 | Paralysed by an air elemental for 1 turns
 27309 | Shoals:4 | Paralysed by an air elemental for 1 turns
 27384 | Shoals:4 | Paralysed by an air elemental for 1 turns
 27523 | Shoals:4 | Paralysed by an air elemental for 1 turns
 27540 | Shoals:4 | HP: 1/108 [merfolk impaler/+2 trident of freezing (22)]
 27540 | Shoals:4 | Mangled by a merfolk impaler

Illustrated notes

Levels and vault maps discovered:
D:1:      tarquinn_simple_flora_water_e, layout_loops_corners, feat_on_display
D:2:      layout_basic, serial_shops,
          nicolae_shop_temple_entry_statues_fountains, minmay_crystal_room
D:3:      layout_loops_cross, serial_shops, nicolae_diamond_shop
D:4:      layout_basic, serial_corexii_hall, chequers_hall_statues_corner_a,
          corexii_hall_statues_t, gammafunk_ghost_necromancy
D:5:      layout_basic, minmay_temple_entry_stoned_glass, minmay_hedge_maze,
          uniq_sigmund, uniq_ijyb
D:6:      cheibrodos_barr_body, layout_cave_pools, nicolae_overflow_squiral,
          gammafunk_ghost_nasty_kobolds, kennysheep_nub, uniq_maggie
D:7:      wad_woods_tower, layout_loops_ring, serial_shops, shop,
          lightli_orcish_oven
D:8:      layout_cave_pods, minmay_lair_entry_grove, st_stairs_2,
          grunt_decor_clamped, uniq_joseph
D:9:      layout_irregular_city, biasface_ghost_orc_armoury
D:10:     layout_cave_pools
D:11:     layout_long_grid, special_room [special_room_kobold], serial_bayou,
          serial_bayou_ford_a, serial_bayou_pond_e, serial_bayou_shore_a,
          serial_bayou_pond_b, serial_bayou_lagoon_a, uniq_erica, uniq_sonja,
          uniq_fannar
D:12:     layout_stronghold, david_orc_1_choice, uniq_nergalle
D:13:     layout_loops_cross, david_vaults_3, kennysheep_pointless_box,
          minivault_27, grunt_gozag_statues, uniq_rupert
Temple:   mainiacjoe_temple_cubbyholes
Lair:1:   layout_roguey, basic_altar
Lair:2:   layout_regular_city, elwin_shoals_entry_rooms,
          eino_small_chamber_without_monster
Lair:3:   layout_regular_city, spider_nest_entry_web_field, grunt_megastairs_1,
          lemuel_fruit_fields
Lair:4:   layout_cave_pods, minmay_slime_entry_pillars, lemuel_fruit_tree,
          uniq_snorg
Lair:5:   wormcave, layout_gridlike, guppyfry_lair_end_dragon,
          nzn_sisyphean_effort, grunt_megastairs_2
Shoals:1: layout_shoals
Shoals:2: layout_shoals, argonaut_gorgonesque, uniq_ilsuiw, uniq_polyphemus,
          uniq_jorgrun
Shoals:3: layout_shoals, nicolae_shoals_land_atoll, uniq_mlioglotl
Shoals:4: shoals_end_hellmonk_storm_palace [storm_palace_center_circular,
          storm_palace_corner_reverse_hut, storm_palace_corner_pillars,
          storm_palace_corner_narrow, storm_palace_corner_narrow]

Skill      XL: |  1  2  3  4  5  6  7  8  9 10 11 12 13 14 15 16 |
---------------+-------------------------------------------------+-----
Short Blades   | 1 2 3 4 5 6 7 9 10 11 | 11.6
Fighting       | 3 4 5 7 8 9 |  9.4
Shields        | 1 2 3 4 5 7 8 9 10 12 13 | 13.0
Stealth        | 1 2 3 4 5 7 8 9 10 11 13 14 15 | 15.6
Dodging        | 5 6 7 8 10 11 12 | 12.0
Throwing       | 3 5 6 7 8 9 10 | 10.9
Invocations    | 3 5 7 8 10 11 12 | 12.0
Long Blades    | 2 4 |  4.3
Evocations     | 2 4 7 8 |  8.0
Polearms       | |  4.3

Action                   |  1- 3 |  4- 6 |  7- 9 | 10-12 | 13-15 | 16-18 || total
-------------------------+-------+-------+-------+-------+-------+-------++-------
Melee: Trident           |    29 |       |       |       |       |       ||    29
       Short sword       |   132 |   320 |   659 |   455 |       |   142 ||  1708
       Long sword        |       |       |    30 |    20 |       |       ||    50
       Dagger            |       |       |       |   263 |  1169 |    77 ||  1509
       Tailslap          |       |       |       |     1 |    51 |    23 ||    75
Throw: Dart              |       |     6 |    25 |     3 |    24 |    16 ||    74
       Throwing net      |       |     2 |     6 |     1 |       |       ||     9
       Boomerang         |       |       |     1 |       |     1 |     2 ||     4
       Javelin           |       |       |       |       |       |     9 ||     9
Invok: Ancestor Identity |       |       |     1 |       |       |       ||     1
       Recall Ancestor   |       |       |       |     1 |    13 |     2 ||    16
       Ancestor Life: He |       |       |       |     1 |       |       ||     1
       Transference      |       |       |       |     1 |     2 |       ||     3
       Idealise          |       |       |       |     1 |     8 |     3 ||    12
Evoke: Wand              |       |       |     5 |       |     3 |       ||     8
       Lightning rod     |       |       |       |     4 |     8 |       ||    12
       Condenser vane    |       |       |       |       |     2 |     1 ||     3
  Use: Potion            |       |       |    10 |     2 |     3 |     3 ||    18
       Scroll            |       |       |    14 |     9 |    10 |     3 ||    36
 Stab: Sleeping          |     4 |       |     8 |     9 |    21 |     9 ||    51
       Held in net/web   |       |       |     3 |       |       |       ||     3
       Distracted        |       |       |     1 |    14 |    34 |    10 ||    59
       Confused          |       |       |       |    24 |    36 |     8 ||    68
       Invisible         |       |       |       |       |     4 |     4 ||     8
       Paralysed         |       |       |       |       |    14 |    11 ||    25
Armor: Leather armour    |    28 |       |    90 |   101 |   100 |    17 ||   336
       Ring mail         |     5 |    73 |     5 |       |       |       ||    83
       Skin              |       |       |     9 |       |       |       ||     9
       Steam dragon scal |       |       |     4 |       |       |       ||     4
Dodge: Dodged            |    50 |    96 |   237 |   269 |   411 |    84 ||  1147
       Repelled          |       |       |       |       |     5 |     6 ||    11
Block: Kite shield       |    55 |   104 |   195 |   221 |       |       ||   575
       Tower shield      |       |       |       |   145 |  1061 |   199 ||  1405
       Reflection        |       |       |       |       |    43 |    14 ||    57

Table legend: (Time is in decaauts)
 A = Elapsed time spent in this place.
 B = Non-inter-level travel time spent in this place.
 C = Inter-level travel time spent in this place.
 D = Time resting spent in this place.
 E = Time spent auto-exploring this place.
 F = Levels seen in this place.
 G = Mean time per level.
                   A        B        C        D        E       F      G
               +--------+--------+--------+--------+--------+-----+--------+
         Total |  26014 |  24666 |   1348 |   1914 |  13828 |  23 | 1131.0 |
       Dungeon |  15496 |  14747 |    749 |    819 |   8870 |  13 | 1192.0 |
        Temple |    124 |    101 |     23 |      0 |      0 |   1 |  124.0 |
          Lair |   5237 |   4718 |    519 |     97 |   2744 |   5 | 1047.4 |
        Shoals |   5155 |   5100 |     55 |    998 |   2214 |   4 | 1288.8 |
               +--------+--------+--------+--------+--------+-----+--------+

Top non-repeatable levels by time:
     D:5: 1922 daAuts
Shoals:1: 1642 daAuts
     D:4: 1530 daAuts
     D:7: 1447 daAuts
    D:13: 1443 daAuts
Shoals:3: 1381 daAuts
  Lair:5: 1337 daAuts
Shoals:2: 1257 daAuts
    D:11: 1174 daAuts
  Lair:4: 1166 daAuts
     D:2: 1102 daAuts
     D:8: 1098 daAuts
    D:12: 1098 daAuts
     D:6: 1079 daAuts
     D:9: 1059 daAuts
